 Dungeon Crawl Stone Soup version 0.27-a0-1591-gc56fcc985a (webtiles) character file.

Game seed: 2116203646062003426

83 Froggeryz the Chopper (level 4, -8/52 HPs)
             Began as a Human Berserker on July 19, 2021.
             Was a Believer of Trog.
             Mangled by an ice beast (11 damage)
             ... on level 3 of the Dungeon.
             The game lasted 00:01:52 (2854 turns).

Froggeryz the Chopper (Human Berserker)             Turns: 2854, Time: 00:01:53

Health: -8/52      AC:  2    Str: 19    XL:     4   Next: 71%
Magic:  4/4        EV: 11    Int:  7    God:    Trog [**....]
Gold:   79         SH:  4    Dex: 12    Spells: 3/3 levels left

rFire    . . .     SeeInvis .   a - +0 hand axe
rCold    . . .     Faith    +   g - +0 buckler
rNeg     . . .     Spirit   .   b - +0 animal skin
rPois    .         Reflect  .   (no helmet)
rElec    .         Harm     .   (no cloak)
rCorr    .         Rampage  .   (no gloves)
Will     .....                  (no boots)
Stlth    ..........             l - amulet of faith
HPRegen  0.17/turn              (no ring)
MPRegen  0.09/turn              (no ring)

@: berserking, very quick
A: no striking features
a: Renounce Religion, Berserk, Trog's Hand


You were on level 3 of the Dungeon.
You worshipped Trog.
Trog was pleased with you.
You visited 1 branch of the dungeon, and saw 3 of its levels.

You collected 79 gold pieces.

Inventory:

Hand Weapons
 a - a +0 hand axe (weapon)
Armour
 b - a +0 animal skin (worn)
 g - a +0 buckler (worn)
Jewellery
 l - an amulet of faith (around neck)
Scrolls
 d - a scroll of amnesia {unknown}
 e - a scroll of identify {unknown}
 h - a scroll of teleportation {unknown}
 i - 2 scrolls of noise {unknown}
 k - a scroll of immolation {unknown}
 m - a scroll of magic mapping {unknown}
Potions
 c - 2 potions of lignification {unknown}
 f - a potion of haste {unknown}
 j - a potion of flight {unknown}


   Skills:
 - Level 3.0 Fighting
 * Level 4.7 Axes
 - Level 2.0 Armour
 - Level 2.0 Dodging
 + Level 1.4 Shields


You had 3 spell levels left.
You didn't know any spells.
Your spell library was empty.

Dungeon Overview and Level Annotations

Branches:
Dungeon (3/15)

Altars:


Message History

The adder is severely wounded.
You block the adder's attack.
You slash the adder!
You feel the power of Trog in you as your rage grows.
You kill the adder!
Trog accepts your kill.
You barely miss the ice beast. You barely miss the ice beast.
The ice beast hits you. The ice beast freezes you!
You slash the ice beast!
The ice beast is moderately wounded.
The ice beast hits you. The ice beast freezes you!
You are too injured to fight recklessly!
You are too injured to fight recklessly!
You are too injured to fight recklessly!
You are too injured to fight recklessly!
You are too injured to fight recklessly!
You are too injured to fight recklessly!
You are too injured to fight recklessly!
You are too injured to fight recklessly!
You are too injured to fight recklessly!
You are too injured to fight recklessly!
You are too injured to fight recklessly!
You are too injured to fight recklessly!
You are too injured to fight recklessly!
You are too injured to fight recklessly!
You are too injured to fight recklessly!
You are too injured to fight recklessly!
You are too injured to fight recklessly!
You are too injured to fight recklessly!
You hit the ice beast.
The ice beast is moderately wounded.
The ice beast hits you. The ice beast freezes you!
* * * LOW HITPOINT WARNING * * *
You closely miss the ice beast.
The ice beast is moderately wounded.
The ice beast hits you.
* * * LOW HITPOINT WARNING * * *
The ice beast freezes you!
You die...

#.# #.#.# #.# ####.#'#
##.#####.......
#...#.....g....
#...#..........
###########...#...S....._
#....SY)g.....#.......#.#
##.########...........#.#
#...ggY@##...........#.#
##########......####.#.#
.........)........#
##########...###### #...#
#####


You could see an ice beast, a hobgoblin and a goblin.

Vanquished Creatures
  4 adders
  A dart slug (D:1)
  2 endoplasms
  3 giant cockroaches
  8 goblins
  A hobgoblin (D:1)
  3 jackals (D:1)
  A quokka (D:1)
  A ball python (D:1)
  7 bats
  5 frilled lizards
  5 kobolds
  5 rats
46 creatures vanquished.

Notes
Turn   | Place    | Note
-------+----------+-------------------------------------------
     0 | D:1      | Froggeryz the Human Berserker began the quest for the Orb.
     0 | D:1      | Reached XP level 1. HP: 18/18 MP: 1/1
    65 | D:1      | Reached XP level 2. HP: 14/24 MP: 2/2
   890 | D:1      | Reached skill level 4 in Axes
   890 | D:1      | Reached XP level 3. HP: 24/29 MP: 3/3
  1508 | D:2      | Reached ** piety under Trog
  1763 | D:2      | Reached skill level 1 in Shields
  1763 | D:2      | Reached XP level 4. HP: 35/35 MP: 4/4
  2291 | D:3      | Found a faded altar of an unknown god.
  2603 | D:3      | Noticed an ice beast
  2854 | D:3      | Mangled by an ice beast

Illustrated notes

Levels and vault maps discovered:
D:1:      matt_arrival_debris, layout_basic
D:2:      layout_basic
D:3:      layout_basic, basic_ecumenical_altar, minmay_distorted

Skill      XL: |  1  2  3 |
---------------+----------+-----
Axes           | 4 |  4.7
Shields        | 1 |  1.4
Fighting       | |  3.0
Armour         | |  2.0
Dodging        | |  2.0

Action                   |  1- 3 |  4- 6 || total
-------------------------+-------+-------++-------
Melee: Hand axe          |   100 |    53 ||   153
Invok: Berserk           |     3 |     1 ||     4
 Stab: Sleeping          |     2 |     2 ||     4
Armor: Animal skin       |    18 |    11 ||    29
Dodge: Dodged            |    68 |    35 ||   103
Block: Buckler           |       |    10 ||    10

Table legend: (Time is in decaauts)
 A = Elapsed time spent in this place.
 B = Non-inter-level travel time spent in this place.
 C = Inter-level travel time spent in this place.
 D = Time resting spent in this place.
 E = Time spent auto-exploring this place.
 F = Levels seen in this place.
 G = Mean time per level.
                   A        B        C        D        E       F      G
               +--------+--------+--------+--------+--------+-----+--------+
         Total |   2902 |   2848 |     54 |    484 |   1972 |   3 |  967.3 |
       Dungeon |   2902 |   2848 |     54 |    484 |   1972 |   3 |  967.3 |
               +--------+--------+--------+--------+--------+-----+--------+

Top non-repeatable levels by time:
     D:1: 1262 daAuts
     D:2: 1040 daAuts
     D:3: 600 daAuts
